 Dungeon Crawl Stone Soup version 0.32-a0-996-gb3226c2 (webtiles) character file.

Game seed: 8019710721749581419

28 dunhillx the Apothecary (level 3, -1/25 HPs)
             Began as a Djinni Fire Elementalist on Apr 23, 2024.
             Slain by a ball python (2 damage)
             ... on level 2 of the Dungeon.
             The game lasted 00:02:16 (354 turns).

dunhillx the Apothecary (Djinni Fire Elementalist)   Turns: 354, Time: 00:02:17

Health: -1/25      AC:  2    Str:  7    XL:     3   Next: 27%
Gold:   57         EV:  2    Int: 18    God:
                   SH:  0    Dex: 13

rFire   + + .        g - +4 hand axe
rCold   x . .        (no shield)
rNeg    . . .        a - +0 robe
rPois   ∞            (no helmet)
rElec   .            (no cloak)
rCorr   .            (no gloves)
SInv    .            (boots unavailable)
Will    .....        (no amulet)
Stlth   ++           (no ring)
HPRegen 0.24/turn    (no ring)

%: infuse magic (-2 HP)
@: flying, constricted
A: sickness immunity, fire resistance 2, cold vulnerability 1, float, innate
caster, HP casting, extra vitality 1
a: no special abilities


You were on level 2 of the Dungeon.
You visited 1 branch of the dungeon, and saw 2 of its levels.

You collected 57 gold pieces.

Inventory:

Hand Weapons
 g - a +4 hand axe (weapon)
Armour
 a - a +0 robe (worn)
Scrolls
 c - a scroll of fear {unknown}
 d - a scroll of poison {unknown}
 e - 2 scrolls of amnesia
 f - a scroll of vulnerability {unknown}
 h - a scroll of identify


   Skills:
 + Level 0.1 Fighting
 + Level 3.1 Dodging
 + Level 2.2 Stealth
 + Level 3.1 Spellcasting
 + Level 3.1 Conjurations
 + Level 3.1 Hexes
 + Level 3.1 Summonings
 + Level 3.1 Necromancy
 + Level 3.1 Translocations
 + Level 3.1 Fire Magic
 + Level 3.1 Ice Magic
 + Level 3.1 Air Magic
 + Level 3.1 Earth Magic
 + Level 3.1 Alchemy


You knew the following spells:

 Your Spells              Type           Power      Damage    Failure   Level
a - Foxfire               Conj/Fire      56%        2x1d6     4%          1
b - Scorch                Fire           28%        2d6       7%          2
c - Volatile Blastmotes   Fire/Tloc      28%        2d12      14%         3
d - Inner Flame           Hex/Fire       14%        N/A       14%         3
e - Flame Wave            Conj/Fire      14%        2d6       41%         4
f - Freeze                Ice            56%        1d7       4%          1
Your spell library was empty.

Dungeon Overview and Level Annotations

Branches:
Dungeon (2/15)

Altars:

Annotations:
D:2 Natasha


Innate Abilities, Weirdness & Mutations

You are immune to sickness and miasma.
You are immune to poison.
Your flesh is very heat resistant. (rF++)
You are vulnerable to cold. (rC-)
You float through the air rather than walking.
You learn spells naturally, not from books.
Your magical power is your life essence.
You have superior vitality. (+4 MHP)


Message History

You are caught in a web!
There is a web here.
The web tears apart.
A hobgoblin comes into view.
Casting: Foxfire (safe; 4% risk of failure)
Confirm with . or Enter, or press ? or * to list all spells.
You conjure some foxfire!
The hobgoblin shouts!
* * * LOW HITPOINT WARNING * * *
The foxfire hits the ribbon worm.
The ribbon worm is lightly wounded.
The foxfire hits the hobgoblin.
The hobgoblin is moderately wounded.
Casting: Foxfire (safe; 4% risk of failure)
Confirm with . or Enter, or press ? or * to list all spells.
You conjure some foxfire!
* * * LOW HITPOINT WARNING * * *
The foxfire hits the ribbon worm but does no damage.
The foxfire hits the ribbon worm.
The ribbon worm is lightly wounded.
The ribbon worm bites you.
* * * LOW HITPOINT WARNING * * *
As you read the scroll labelled SOC KAVOTI, it crumbles to dust.
You feel strangely unstable.
It was a scroll of teleportation.
Your surroundings suddenly seem different.
Natasha, a ball python and 3 hobgoblins come into view.
Found 12 gold pieces.
The hobgoblin shouts!
You hear a loud squeak.
The ball python bites you.
* * * LOW HITPOINT WARNING * * *
The ball python grabs you. The ball python constricts you.
* * * LOW HITPOINT WARNING * * *
You hear an angry hiss.
The hobgoblin shouts!
You hear a shout!
Natasha hisses angrily.
As you read the scroll labelled ELITUPPAMUZ, it crumbles to dust.
It is a scroll of identify.
e - 2 scrolls of amnesia The hobgoblin shouts!
You hear an angry hiss.
The ball python bites you.
You die...

.....
......###
.....#
.........
......
........#
.....
...h....#
....
........# #
#.
......$.##.#
#
..g.....S..#
# ...gg..@#
# ###.#####
# .......
#.#.#.# ....
#.# # ... .
#.# # #. .


You could see Natasha, 3 hobgoblins and a ball python.

Vanquished Creatures
  An adder (D:2)
  2 dart slugs
  A bat (D:1)
  A goblin (D:1)
  2 hobgoblins (D:1)
  A quokka (D:1)
  A ball python (D:1)
  2 frilled lizards (D:2)
  3 kobolds
  2 rats
16 creatures vanquished.

Vanquished Creatures (others)
  45 foxfires
45 creatures vanquished.

Grand Total: 61 creatures vanquished

Notes
Turn   | Place    | Note
-------+----------+-------------------------------------------
     0 | D:1      | dunhillx the Djinni Fire Elementalist began the quest for
                  | the Orb.
     0 | D:1      | dunhillx set off with the following spells memorised:
                  | Foxfire, Scorch, Volatile Blastmotes, Inner Flame, Flame
                  | Wave.
     0 | D:1      | Reached XP level 1. HP: 15/15 MP: 0/0
    82 | D:1      | Reached XP level 2. HP: 14/21 MP: 0/0
   209 | D:1      | Found a faded altar of an unknown god.
   337 | D:2      | Reached XP level 3. HP: 8/25 MP: 0/0
   337 | D:2      | Learned a level 1 spell: Freeze
   353 | D:2      | Noticed Natasha
   353 | D:2      | HP: 1/25 [constriction (1)]
   354 | D:2      | Slain by a ball python

Illustrated notes

Levels and vault maps discovered:
D:1:      mainiacjoe_arrival_reflecting_pool, layout_rooms,
          dreamdust_ecumenical_altar_statues
D:2:      layout_rooms, st_stairs_12, uniq_terence, uniq_natasha

Skill      XL: |  1  2 |
---------------+-------+-----
Stealth        | 2 |  2.2
Dodging        | 3 |  3.1
Fighting       | |  0.1
Spellcasting   | |  3.1
Conjurations   | |  3.1
Hexes          | |  3.1
Summonings     | |  3.1
Necromancy     | |  3.1
Translocations | |  3.1
Fire Magic     | |  3.1
Ice Magic      | |  3.1
Air Magic      | |  3.1
Earth Magic    | |  3.1
Alchemy        | |  3.1

Action                     || total
---------------------------++-------
  Melee: Hand axe          ||     4
   Cast: Foxfire           ||    28
    Use: Scroll            ||     2
 Armour: Robe              ||    21
  Dodge: Dodged            ||    18

Table legend: (Time is in decaauts)
 A = Elapsed time spent in this place.
 B = Non-inter-level travel time spent in this place.
 C = Inter-level travel time spent in this place.
 D = Time resting spent in this place.
 E = Time spent auto-exploring this place.
 F = Levels seen in this place.
 G = Mean time per level.
                   A        B        C        D        E       F      G
               +--------+--------+--------+--------+--------+-----+--------+
         Total |    354 |    354 |      0 |      0 |    100 |   2 |  177.0 |
       Dungeon |    354 |    354 |      0 |      0 |    100 |   2 |  177.0 |
               +--------+--------+--------+--------+--------+-----+--------+

Top non-repeatable levels by time:
     D:1: 320 daAuts
     D:2: 33 daAuts
